 Dungeon Crawl Stone Soup version 0.19-a0-944-gb338e1e (webtiles) character file.

1918 Charly the Cleaver (level 8, 0/57 HPs)
             Began as a Minotaur Monk on July 8, 2016.
             Was a Priest of Makhleb.
             Succumbed to an adder's poison
             ... on level 8 of the Dungeon.
             The game lasted 00:36:55 (2012 turns).

Charly the Cleaver (Minotaur Monk)                  Turns: 2012, Time: 00:36:56

Health: 0/57       AC: 11    Str: 18    XL:     8   Next: 95%
Magic:  8/8        EV:  6    Int:  7    God:    Makhleb [***...]
Gold:   80         SH:  0    Dex: 15    Spells: 0 memorised, 7 levels left

rFire  . . .     SeeInvis .     b - +6 dagger "Peinewk" {pierce, *Noise rElec rC+ Dex+3}
rCold  + + .     Gourm    .     r - +0 plate armour
rNeg   + . .     Faith    .     (no shield)
rPois  .         Spirit   .     (helmet restricted)
rElec  +         Dismiss  .     (no cloak)
rCorr  .         Reflect  .     (no gloves)
SustAt .         Harm     .     o - +0 pair of boots
MR     .....                    (no amulet)
Stlth  ..........               w - ring of Tuocegyo {Wiz rElec rN+ Str+2 Dex-3}
                                l - ring of protection from cold

@: lethally poisoned (0 -> -3), not resistant to hostile enchantments, extremely
unstealthy
A: retaliatory headbutt, horns 2, frail 1, low mp 1, mutation resistance 1
a: Minor Destruction, Lesser Servant of Makhleb, Renounce Religion


You were on level 8 of the Dungeon.
You worshipped Makhleb.
Makhleb was most pleased with you.
You were not hungry.

You visited 2 branches of the dungeon, and saw 10 of its levels.

You collected 80 gold pieces.

Inventory:

Hand Weapons
 a - a +0 battleaxe
 b - the +6 dagger "Peinewk" (weapon) {pierce, *Noise rElec rC+ Dex+3}
   (You found it on level 4 of the Dungeon)

   It inflicts extra damage upon your enemies.
   It affects your dexterity (+3).
   It protects you from cold.
   It insulates you from electricity.
   It may make noises in combat.
Missiles
 k - 30 poisoned needles
Armour
 o - a +0 pair of boots (worn)
 r - a +0 plate armour (worn)
Jewellery
 l - a ring of protection from cold (left hand)
 w - the ring of Tuocegyo (right hand) {Wiz rElec rN+ Str+2 Dex-3}
   (You found it on level 7 of the Dungeon)

   [ring of wizardry]

   It improves your spell success rate.
   It affects your strength (+2).
   It affects your dexterity (-3).
   It insulates you from electricity.
   It protects you from negative energy.
Wands
 s - a wand of lightning (1/15)
Scrolls
 d - a scroll of random uselessness {unknown}
 e - a scroll of torment {unknown}
 h - 2 scrolls of blinking {unknown}
 i - 3 scrolls of identify
 j - a scroll of recharging {unknown}
 n - a scroll of amnesia {unknown}
 q - a scroll of fog {unknown}
 t - a scroll of enchant weapon {unknown}
 u - 2 scrolls of noise {unknown}
 v - a scroll of teleportation
Potions
 g - a potion of might
 m - a potion of brilliance
 p - a potion of resistance
Comestibles
 c - 2 bread rations
 f - 2 meat rations


   Skills:
 - Level 3.6 Fighting
 + Level 13.1 Axes
 - Level 3.2 Dodging
 - Level 1.5 Stealth
 - Level 3.3 Invocations


You had 7 spell levels left.
You didn't know any spells.

Dungeon Overview and Level Annotations

Branches:
Dungeon (9/15)               Lair (1/6) D:8
 Temple: D:4-7          Orc: D:9-12

Altars:
Gozag
Hepliaklqana
Makhleb
Nemelex Xobeh
Xom

Annotations:
D:8 Charly's ghost, novice GrGl


Innate Abilities, Weirdness & Mutations

You reflexively headbutt those who attack you in melee.
You have a pair of horns on your head.
You are frail. (-10% HP)
Your magical capacity is low. (-10% MP)
You are somewhat resistant to further mutation.


Message History

Okay, then.
Okay, then.
Unknown command.
Unknown command.
* * * LOW HITPOINT WARNING * * *
You feel sick.
* * * LOW HITPOINT WARNING * * *
You feel sick.
Found an escape hatch in the ceiling.
* * * LOW HITPOINT WARNING * * *
You feel sick.
* * * LOW HITPOINT WARNING * * *
You feel sick.
* * * LOW HITPOINT WARNING * * *
You feel sick.
* * * LOW HITPOINT WARNING * * *
You feel sick.
* * * LOW HITPOINT WARNING * * *
You feel sick.
You die...

#.#.#.##...##
#....<......
#.##.##..###
###........#
.....##..#.##
####.......#
#.###.### #
#.# #@# #.#
#.. ....
..... #.##.##
#. ## #.


There were no monsters in sight!

Vanquished Creatures
  2 hell hounds (D:8)
  An ice beast (D:8)
  A sky beast (D:5)
  A centaur (D:7)
  A big kobold (D:7)
  3 giant frogs
  Blork the orc (D:6)
  A scorpion (D:5)
  4 killer bees
  3 crimson imps
  2 centaur zombies
  2 hounds (D:7)
  An orc priest (D:8)
  A giant frog skeleton (D:5)
  4 orc wizards
  3 worker ants
  A worker ant zombie (D:6)
  6 adders
  An adder zombie (D:5)
  An adder skeleton (D:5)
  2 worms
  A dart slug (D:3)
  A giant gecko (D:7)
  12 orcs
  A giant cockroach (D:3)
  3 goblins
  4 hobgoblins
  3 jackals (D:2)
  A quokka (D:6)
  A ball python (D:2)
  3 bats
  2 giant newts (D:5)
  6 kobolds
  A quokka zombie (D:7)
  A rat (D:2)
82 creatures vanquished.

Vanquished Creatures (collateral kills)
  Prince Ribbit (D:9)
  An orc warrior (D:6)
  An ice beast (D:7)
  3 killer bees (D:7)
  A giant gecko (D:7)
7 creatures vanquished.

Vanquished Creatures (others)
  An orc wizard (D:8)
  An orc (D:6)
2 creatures vanquished.

Grand Total: 91 creatures vanquished

Notes
Turn   | Place    | Note
-------+----------+-------------------------------------------
     0 | D:1      | Charly the Minotaur Monk began the quest for the Orb.
     0 | D:1      | Reached XP level 1. HP: 19/19 MP: 0/0
    87 | D:2      | Reached skill level 4 in Axes
   109 | D:2      | Reached XP level 2. HP: 20/26 MP: 1/1
   135 | D:2      | Found a hazy altar of Hepliaklqana.
   136 | D:2      | Found a burning altar of Makhleb.
   138 | D:2      | Found a sparkling altar of Nemelex Xobeh.
   148 | D:2      | Became a worshipper of Makhleb the Destroyer
   148 | D:2      | Reached * piety under Makhleb
   148 | D:2      | Reached ** piety under Makhleb
   194 | D:2      | Reached skill level 1 in Invocations
   194 | D:2      | Reached XP level 3. HP: 26/31 MP: 2/2
   274 | D:1      | Reached skill level 5 in Axes
   383 | D:2      | Gained mutation: You are frail. (-10% HP) [potion of mutation]
   383 | D:2      | Gained mutation: You are somewhat resistant to further mutation. [potion of mutation]
   396 | D:2      | HP: 1/27 [poisoned by an adder]
   581 | D:3      | Reached XP level 4. HP: 34/35 MP: 4/4
   654 | D:4      | Got a slimy dagger
   655 | D:4      | Identified the +6 dagger "Peinewk" {pierce, *Noise rElec rC+ Dex+3} (You found it on level 4 of the Dungeon)
   755 | D:5      | Entered Level 5 of the Dungeon
   765 | D:5      | Reached skill level 6 in Axes
   765 | D:5      | Reached XP level 5. HP: 39/40 MP: 5/5
   816 | D:5      | Reached skill level 7 in Axes
   837 | D:5      | Noticed a sky beast
   865 | D:5      | Killed a sky beast
   865 | D:5      | Reached XP level 6. HP: 45/45 MP: 7/7
   880 | D:5      | Gained mutation: Your magical capacity is low. (-10% MP) [mutagenic meat]
   902 | D:6      | Noticed an orc warrior
   921 | D:6      | Reached *** piety under Makhleb
   925 | D:6      | Noticed Blork the orc
   942 | D:6      | Killed Blork the orc
   942 | D:6      | Reached skill level 8 in Axes
  1054 | D:6      | Noticed an orc warrior
  1071 | D:6      | Killed an orc warrior
  1071 | D:6      | Reached XP level 7. HP: 27/51 MP: 7/7
  1128 | D:6      | Reached skill level 9 in Axes
  1313 | D:7      | Reached skill level 10 in Axes
  1341 | D:8      | Found a staircase to the Lair.
  1350 | D:8      | Noticed Charly's ghost (novice GrGl)
  1487 | D:7      | Found a shimmering altar of Xom.
  1568 | D:7      | Reached XP level 8. HP: 28/57 MP: 8/8
  1575 | D:7      | Reached skill level 11 in Axes
  1677 | D:7      | Got a steaming marble ring
  1678 | D:7      | Identified the ring of Tuocegyo {Wiz rElec rN+ Str+2 Dex-3} (You found it on level 7 of the Dungeon)
  1808 | D:8      | Reached skill level 12 in Axes
  1842 | D:7      | You fall through a shaft!
  1860 | Lair:1   | Entered Level 1 of the Lair of Beasts
  1897 | D:9      | Noticed Prince Ribbit
  1904 | D:9      | Killed Prince Ribbit
  1904 | D:9      | Reached skill level 13 in Axes
  1917 | D:9      | Found an opulent altar of Gozag.
  2006 | D:8      | HP: 2/57 [poisoned by an adder]
  2012 | D:8      | Succumbed to an adder's poison

Vault maps used:
D:1:      dpeg_arrival_round_c, grunt_decor_arrowhead, fountainhead,
          minmay_misc_feat_encased
D:2:      grunt_temple_overflow_open
D:3:      first_bread, uniq_jessica
D:4:      old_standard_altar, serial_shops, shop, nemelex_lonely_heart_becter
D:5:      serial_shops, nicolae_shop_window_shopping, kennysheep_windowed_goal
D:6:      lemuel_old_faithful, uniq_blork_the_orc
D:7:      kennysheep_mini, minmay_holes, uniq_crazy_yiuf_cottage
D:8:      overflow_temple_1_default, lemuel_crystal_altar,
          minmay_lair_entry_lava
D:9:      nicolae_gozag_seed_capital, lemuel_crystal_altar, erik_orc_2,
          grunt_livestock, uniq_prince_ribbit1, uniq_maurice

Skill      XL: |  1  2  3  4  5  6  7  8 |
---------------+-------------------------+-----
Axes           | 4 5 6 7 8 10 13 | 13.1
Invocations    | 1 2 3 |  3.3
Fighting       | |  3.6
Dodging        | |  3.2
Stealth        | |  1.5

Action                   |  1- 3 |  4- 6 |  7- 9 || total
-------------------------+-------+-------+-------++-------
Melee: Hand axe          |    86 |     5 |       ||    91
       Headbutt          |    13 |    13 |    16 ||    42
       Dagger            |       |    60 |    39 ||    99
       War axe           |       |     8 |     2 ||    10
       Battleaxe         |       |       |    90 ||    90
Invok: Minor Destruction |     4 |     5 |     1 ||    10
       Lesser Servant of |       |     2 |     7 ||     9
Evoke: Wand              |       |       |     4 ||     4
  Use: Potion            |     3 |       |     1 ||     4
       Scroll            |       |     2 |     3 ||     5
  Eat: Pizza             |     1 |       |       ||     1
       Fruit             |       |     5 |       ||     5
       Chunk             |       |     6 |       ||     6
Armor: Robe              |     9 |       |       ||     9
       Ring mail         |     5 |     6 |       ||    11
       Scale mail        |       |    12 |     2 ||    14
       Plate armour      |       |       |   114 ||   114
Dodge: Dodged            |    64 |    23 |    42 ||   129
Block: Buckler           |       |    11 |     2 ||    13
